 Dungeon Crawl Stone Soup version 0.31-a0-702-gf82c85558f (webtiles) character file.

Game seed: 15217995825816025068

366 Newt the Skirmisher (level 7, -4/44 HPs)
             Began as a Kobold Hunter on Sept 8, 2023.
             Killed by divine providence
             ... invoked by an orc priest
              (11 damage)
             ... on level 4 of the Dungeon.
             The game lasted 00:02:45 (3136 turns).

Newt the Skirmisher (Kobold Hunter)                 Turns: 3136, Time: 00:02:46

Health: -4/44      AC:  3    Str:  8    XL:     7   Next: 0%
Magic:  7/7        EV: 19    Int: 11    God:
Gold:   212        SH:  0    Dex: 20    Spells: 6/6 levels left

rFire   . . .        a - +0 shortbow
rCold   . . .        (shield currently unavailable)
rNeg    . . .        c - +0 leather armour
rPois   .            (no helmet)
rElec   .            (no cloak)
rCorr   .            (no gloves)
SInv    .            (no boots)
Will    .....        (no amulet)
Stlth   +++          i - +5 ring of evasion
HPRegen 0.27/turn    (no ring)
MPRegen 0.10/turn

%: no passive effects
@: no status effects
A: small, no large weapons, nightstalker 3
a: no special abilities


You were on level 4 of the Dungeon.
You visited 1 branch of the dungeon, and saw 4 of its levels.

You collected 212 gold pieces.

Inventory:

Hand Weapons
 a - a +0 shortbow (weapon)
Armour
 c - a +0 leather armour (worn)
Jewellery
 h - a ring of magical power
 i - a +5 ring of evasion (left hand)
Scrolls
 b - a scroll of butterflies
 d - a scroll of teleportation
 f - 2 scrolls of noise
 g - a scroll of immolation
Potions
 e - a potion of brilliance
 j - a potion of mutation {unknown}
 k - a potion of invisibility {unknown}
 l - a potion of ambrosia {unknown}
 m - a potion of might {unknown}


   Skills:
 - Level 5.0 Fighting
 + Level 8.6 Ranged Weapons
 - Level 2.4 Dodging
 - Level 1.3 Stealth


You had 6 spell levels left.
You didn't know any spells.
Your spell library contained the following spells:

 Spells                   Type           Power      Damage    Failure   Level
 Sandblast                Erth           0%         2d4       45%         1
 Passwall                 Tmut/Erth      0%         N/A       61%         2
 Dazzling Flash           Conj/Hex       0%         N/A       83%         3
 Ozocubu's Armour         Ice            0%         N/A       83%         3
 Stone Arrow              Conj/Erth      0%         3d7       83%         3
 Volatile Blastmotes      Fire/Tloc      0%         2d10      83%         3
 Metabolic Englaciation   Hex/Ice        0%         N/A       100%        5
 Simulacrum               Ice/Necr       0%         N/A       100%        6
 Starburst                Conj/Fire      0%         6d3       100%        6
 Maxwell's Capacitive Co  Air            0%         ∞         100%        8


Dungeon Overview and Level Annotations

Branches:
Dungeon (4/15)
 Temple: D:4-7

Altars:
The Shining One

Shops:
D:1 (


Innate Abilities, Weirdness & Mutations

You are small and have problems with some larger weapons.
You are completely attuned to the shadows.


Message History

The orc priest is heavily wounded.
Fire: a) +0 shortbow
Press: ? - help, Shift-Dir - straight line, f/p - orc priest
Aim: an orc priest, wielding a +0 club and wearing a +0 robe (heavily wounded, 68% to hit)
You shoot an arrow. The arrow barely misses the orc priest.
Unknown command.
Unknown command.
Fire: a) +0 shortbow
Press: ? - help, Shift-Dir - straight line, f/p - orc priest
Aim: an orc priest, wielding a +0 club and wearing a +0 robe (heavily wounded, 68% to hit)
You shoot an arrow. The arrow barely misses the orc priest.
You hear a shout!
An orc wizard comes into view. It is wielding a +0 dagger.
The orc priest calls down the wrath of Beogh upon you.
Beogh smites you!
* * * LOW HITPOINT WARNING * * *
You hear a shout!
Unknown command.
Fire: a) +0 shortbow
Press: ? - help, Shift-Dir - straight line, f/p - orc priest
Aim: an orc priest, wielding a +0 club and wearing a +0 robe (heavily wounded, 68% to hit)
You shoot an arrow.
The arrow closely misses the orc priest.
The arrow barely misses the orc wizard.
The orc priest casts a cantrip, but nothing happens.
Unknown command.
Unknown command.
Fire: a) +0 shortbow
Press: ? - help, Shift-Dir - straight line, f/p - orc priest
Aim: an orc priest, wielding a +0 club and wearing a +0 robe (heavily wounded, 68% to hit)
You shoot an arrow. The arrow barely misses the orc priest.
An orc comes into view. It is wielding a +0 whip.
Unknown command.
Unknown command.
You shoot an arrow.
The arrow hits the orc priest but does no damage.
The orc priest is heavily wounded.
The orc priest mumbles some strange prayers to Beogh against you.
Beogh smites you!
You die...

# #.# #.#.#
#.#.## #....##
#..#
#..<..####..#
#.....(.....
#.....####.#
##...[...#@#
##
#...###.#o#...
#...###.#$o...
#.##.......o##
#.##.###... #
#.# #.. ..# .#
.###


You could see an orc priest, an orc wizard and an orc.

Vanquished Creatures
  A black bear (D:4)
  An orc priest (D:2)
  Natasha (twice) (D:3)
  3 orc wizards
  A gnoll (D:1)
  3 adders
  3 worms
  2 dart slugs
  2 orcs (D:2)
  5 ball pythons
  5 endoplasms
  4 giant cockroaches
  10 goblins
  3 hobgoblins
  3 jackals (D:3)
  2 quokkas
  6 bats
  2 frilled lizards (D:2)
  7 kobolds
  5 rats
70 creatures vanquished.

Notes
Turn   | Place    | Note
-------+----------+-------------------------------------------
     0 | D:1      | Newt the Kobold Hunter began the quest for the Orb.
     0 | D:1      | Reached XP level 1. HP: 12/12 MP: 1/1
    33 | D:1      | Reached XP level 2. HP: 18/18 MP: 2/2
    69 | D:1      | Found a faded altar of an unknown god.
   129 | D:1      | Reached XP level 3. HP: 18/24 MP: 3/3
   257 | D:1      | Found Utosmi Qonan's Antique Weapon Emporium.
   903 | D:2      | Reached XP level 4. HP: 29/30 MP: 4/4
  1146 | D:2      | Reached skill level 5 in Fighting
  1146 | D:2      | Reached XP level 5. HP: 31/35 MP: 5/5
  1147 | D:2      | Reached skill level 6 in Ranged Weapons
  2233 | D:3      | Found a glowing golden altar of the Shining One.
  2407 | D:3      | Reached skill level 7 in Ranged Weapons
  2413 | D:3      | Reached XP level 6. HP: 29/40 MP: 6/6
  2608 | D:3      | Noticed Natasha
  2616 | D:3      | Killed Natasha
  2919 | D:3      | Noticed Natasha
  2927 | D:3      | Killed Natasha
  3110 | D:4      | Noticed a black bear
  3122 | D:4      | Killed a black bear
  3123 | D:4      | Reached skill level 8 in Ranged Weapons
  3129 | D:4      | Reached XP level 7. HP: 22/44 MP: 7/7
  3136 | D:4      | Killed from afar by an orc priest

Illustrated notes

Levels and vault maps discovered:
D:1:      minmay_arrival_solitary_statue, layout_rooms,
          shapermc_ecumenical_altar_pompeii, serial_shops,
          nicolae_shop_hallway_plus
D:2:      layout_basic
D:3:      layout_loops_cross, old_standard_altar, uniq_natasha
D:4:      layout_loops_ring, hangedman_abyss_or_decor_jellyfish_corner,
          uniq_blork_the_orc, uniq_sigmund

Skill      XL: |  1  2  3  4  5  6 |
---------------+-------------------+-----
Fighting       | 3 4 5 |  5.0
Ranged Weapons | 7 8 |  8.6
Dodging        | |  2.4
Stealth        | |  1.3

Action                     |  1- 3 |  4- 6 |  7- 9 || total
---------------------------+-------+-------+-------++-------
  Melee: Shortbow          |     2 |       |       ||     2
   Fire: Shortbow          |    82 |   161 |     6 ||   249
    Use: Scroll            |     2 |     4 |       ||     6
         Potion            |     2 |     2 |       ||     4
 Armour: Leather armour    |    26 |    66 |       ||    92
  Dodge: Dodged            |    52 |    88 |       ||   140

Table legend: (Time is in decaauts)
 A = Elapsed time spent in this place.
 B = Non-inter-level travel time spent in this place.
 C = Inter-level travel time spent in this place.
 D = Time resting spent in this place.
 E = Time spent auto-exploring this place.
 F = Levels seen in this place.
 G = Mean time per level.
                   A        B        C        D        E       F      G
               +--------+--------+--------+--------+--------+-----+--------+
         Total |   3152 |   3022 |    130 |    362 |   2226 |   4 |  788.0 |
       Dungeon |   3152 |   3022 |    130 |    362 |   2226 |   4 |  788.0 |
               +--------+--------+--------+--------+--------+-----+--------+

Top non-repeatable levels by time:
     D:2: 1410 daAuts
     D:3: 980 daAuts
     D:1: 723 daAuts
     D:4: 39 daAuts
